 Seeded DCSS version 0.29-a0-664-gff9cad4a3d (webtiles) character file.

Game seed: 12781424815227474791 (custom seed)

401 zeratav the Stinger (level 6, -13/50 (53) HPs)
             Began as an Ogre Venom Mage on June 22, 2022.
             Mangled by a gnoll sergeant
             ... wielding a +3 trident of flaming
              (15 damage)
             ... on level 5 of the Dungeon.
             The game lasted 00:06:11 (3674 turns).

zeratav the Stinger (Ogre Venom Mage)               Turns: 3674, Time: 00:06:12

HP:   -13/50 (53)   AC:  3    Str: 15    XL:     6   Next: 85%
MP:   2/9           EV:  9    Int: 16    God:
Gold: 108           SH:  0    Dex:  9    Spells: 4/9 levels left

rFire   . . .      SeeInvis .   g - +2 short sword (venom) {short}
rCold   . . .      Faith    .   (no shield)
rNeg    . . .      Spirit   .   a - +0 robe
rPois   .          Reflect  .   (helmet restricted)
rElec   .          Harm     .   (no cloak)
rCorr   .          Rampage  .   (gloves unavailable)
Will    .....                   (boots unavailable)
Stlth   +.........              (no amulet)
HPRegen 0.16/turn               (no ring)
MPRegen 0.11/turn               (no ring)

@: drained
A: large, unfitting armour, tough skin 1
a: no special abilities


You were on level 5 of the Dungeon.
You visited 1 branch of the dungeon, and saw 5 of its levels.

You collected 152 gold pieces.
You spent 44 gold pieces at shops.


Innate Abilities, Weirdness & Mutations

You are too large for most types of armour.
You have tough skin. (AC +1)


   Skills:
 - Level 1.7 Dodging
 - Level 1.4 Stealth
 - Level 2.4 Spellcasting
 - Level 0.8 Transmutations
 + Level 6.8 Poison Magic


You had 4 spell levels left.
You knew the following spells:

 Your Spells              Type           Power      Damage    Failure   Level
a - Sting                 Tmut/Pois      56%        1d5       4%          1
b - Olgreb's Toxic Radia  Pois           23%        N/A       12%         4

Your spell library contained the following spells:

 Spells                   Type           Power      Damage    Failure   Level
 Poisonous Vapours        Pois/Air       24%        N/A       8%          2
 Summon Small Mammal      Summ           4%         N/A       21%         1
 Mephitic Cloud           Conj/Pois/Air  9%         N/A       24%         3
 Call Canine Familiar     Summ           1%         N/A       52%         3
 Summon Guardian Golem    Hex/Summ       1%         N/A       52%         3

Inventory:

Hand Weapons
 g - a +2 short sword of venom (weapon) {short}
   (You took it off a kobold on level 1 of the Dungeon)
 l - the +5 hunting sling of Articulation {freeze, rCorr Dex+4, sling}
   (You found it on level 5 of the Dungeon)

   Any ammunition fired from it freezes those it strikes, dealing additional
   cold damage.
   It can also slow down cold-blooded creatures.
   Dex:       It affects your dexterity (+4).
   rCorr:     It protects you from acid and corrosion.
Armour
 a - a +0 robe (worn)
Jewellery
 k - an amulet of faith {!P}
   (You found it on level 3 of the Dungeon)
Scrolls
 c - 2 scrolls of identify {@r1}
 h - a scroll of teleportation {@r4}
 i - a scroll of brand weapon
Potions
 b - a potion of magic
 d - 3 potions of curing {unknown}
 e - a potion of lignification {!q}
 f - 3 potions of might
 j - 2 potions of attraction {!q}
 m - a potion of degeneration {unknown}

Dungeon Overview and Level Annotations

Branches:
Dungeon (5/15) Zot: 26308
 Temple: D:4-7

Altars:
Zin

Shops:
D:4 ?

Annotations:
D:3 3 runed translucent doors, lesaewzxc's ghost, amateur KoBe

#.#
#.#
#.#
###.#
.#.##
)).
#g#
#@#
#<#
#=.#
#.##
#. ..
...
#..
#..


You could see a gnoll sergeant (very poisoned).


Message History

Casting: Olgreb's Toxic Radiance (quite dangerous; 13% risk of failure)
Confirm with . or Enter, or press ? or * to list all spells.
The spell is quite dangerous to miscast (13% risk of failure)!
Continue anyway?
You begin to radiate toxic energy.
The gnoll shouts!
The gnoll is poisoned.
You hear a shout!
MP[-4]
You lost 4 mp, and now have 5/9 mp.
The gnoll looks even sicker.
Your toxic aura wanes.
You closely miss the gnoll. The gnoll hits you with a +0 club.
HP[-3]
You take 3 damage, and now have 40/48 hp.
You barely miss the gnoll. The gnoll hits you with a +0 club.
HP[-6]
You take 6 damage, and now have 34/48 hp.
You hit the gnoll.
You kill the gnoll!
A gnoll comes into view. It is wielding a +0 halberd.
HP[+1]
Casting: Olgreb's Toxic Radiance (quite dangerous; 13% risk of failure)
Confirm with . or Enter, or press ? or * to list all spells.
The spell is quite dangerous to miscast (13% risk of failure)!
Continue anyway?
You begin to radiate toxic energy.
The gnoll is poisoned.
The gnoll looks even sicker.
MP[-4]
You lost 4 mp, and now have 1/9 mp.
The gnoll looks even sicker.
Your toxic aura wanes.
An ice beast comes into view.
MP[+1]
You kill the gnoll!
You now have 49 max hp (+1).
There is a stone staircase leading up here.
HP[+1]
You climb upwards.
There is a stone staircase leading down here.
You start resting.
HP[+13] MP[+7]
Your hp is fully restored (49).
Your mp is fully restored (9).
There is a stone staircase leading down here.
You climb downwards.
The gnoll sergeant shouts!
The gnoll shouts! x3
There is a stone staircase leading up here.
Casting: Olgreb's Toxic Radiance (quite dangerous; 13% risk of failure)
Confirm with . or Enter, or press ? or * to list all spells.
The spell is quite dangerous to miscast (13% risk of failure)!
Continue anyway?
You begin to radiate toxic energy.
The gnoll sergeant is poisoned.
The gnoll is poisoned. x3; The gnoll looks even sicker. x2
MP[-4]
You lost 4 mp, and now have 5/9 mp.
The gnoll looks even sicker.
Your toxic aura wanes.
The gnoll closely misses you.
Casting: Olgreb's Toxic Radiance (quite dangerous; 13% risk of failure)
Confirm with . or Enter, or press ? or * to list all spells.
The spell is quite dangerous to miscast (13% risk of failure)!
Continue anyway?
You begin to radiate toxic energy.
The gnoll sergeant looks even sicker.
The gnoll looks even sicker. x2; The gnoll looks as sick as possible!
You kill the gnoll!
The gnoll looks as sick as possible!
You kill the gnoll!
The gnoll hits you from afar with a +0 spear.
HP[-4] MP[-4]
You now have 50 max hp (+1).
You take 4 damage, and now have 45/50 hp.
You lost 4 mp, and now have 1/9 mp.
The gnoll sergeant looks even sicker.
The gnoll looks as sick as possible!
Your toxic aura wanes.
The gnoll hits you from afar with a +0 spear!
HP[-9]
You take 9 damage, and now have 36/50 hp.
You kill the gnoll!
HP[+1]
You hit the gnoll sergeant but do no damage.
The gnoll sergeant looks as sick as possible!
The gnoll sergeant hits you with a +3 trident of flaming!
* * * LOW HITPOINT WARNING * * *
The gnoll sergeant burns you.
* * * LOW HITPOINT WARNING * * *
HP[-18]
You take 18 damage, and now have 19/50 hp.
MASSIVE DAMAGE!! (PAUSE)
Casting: Olgreb's Toxic Radiance (quite dangerous; 12% risk of failure)
Confirm with . or Enter, or press ? or * to list all spells.
You don't have enough magic to cast this spell.
You barely miss the gnoll sergeant.
The gnoll sergeant completely misses you.
The gnoll sergeant blocks your attack. The gnoll sergeant barely misses you.
The gnoll sergeant hits you with a +3 trident of flaming!
* * * LOW HITPOINT WARNING * * *
The gnoll sergeant burns you.
* * * LOW HITPOINT WARNING * * *
HP[-17] MP[+1]
You take 17 damage, and now have 2/50 hp.
MASSIVE DAMAGE!! (PAUSE)
You barely miss the gnoll sergeant.
The gnoll sergeant hits you with a +3 trident of flaming!
You die...

Skill      XL: |  1  2  3  4  5  6 |
---------------+-------------------+-----
Poison Magic   | 3 4 5 6 |  6.8
Dodging        | |  1.7
Stealth        | |  1.4
Spellcasting   | |  2.4
Transmutations | |  0.8

Action                   |  1- 3 |  4- 6 || total
-------------------------+-------+-------++-------
Melee: Short sword       |    13 |   119 ||   132
       Unarmed           |       |     5 ||     5
       Punch             |       |     1 ||     1
 Cast: Sting             |    14 |     3 ||    17
       Olgreb's Toxic Ra |       |     6 ||     6
  Use: Scroll            |       |     6 ||     6
       Potion            |       |     1 ||     1
 Stab: Sleeping          |       |     3 ||     3
Armor: Robe              |     7 |    29 ||    36
       Skin              |       |     4 ||     4
Dodge: Dodged            |     8 |    47 ||    55

Levels and vault maps discovered:
D:1:      zaba_arrival_water, layout_loops_ring, ebering_ecumenical_altar_webs,
          item_on_display_a
D:2:      layout_basic, interstate_on_off, hangedman_abyss_or_decor_lesser_grid,
          minmay_domino_2
D:3:      layout_loops_ring, mainiacjoe_overflow_alcove_1,
          overflow_temple_1_default, lemuel_doored_altar, gammafunk_ghost_split,
          minmay_checkerbox, uniq_sigmund, uniq_grinder
D:4:      layout_rooms, serial_shops, shop
D:5:      layout_rooms, minmay_tree_intersection, skrybe_limestone_x,
          minmay_misc_feat_square

Notes
Turn   | Place    | Note
-------+----------+-------------------------------------------
     0 | D:1      | zeratav the Ogre Venom Mage began the quest for the Orb.
     0 | D:1      | Reached XP level 1. HP: 16/16 MP: 3/3
     0 | D:1      | magus.rc [v1.9.6]
   320 | D:1      | Found a faded altar of an unknown god.
   327 | D:1      | Reached skill level 3 in Poison Magic
   379 | D:1      | Reached XP level 2. HP: 21/24 MP: 0/5
   752 | D:2      | Noticed a scorpion
   759 | D:2      | Killed a scorpion
   760 | D:2      | Reached skill level 4 in Poison Magic
   760 | D:2      | Reached XP level 3. HP: 16/31 MP: 4/6
   760 | D:2      | Reached XP level 4. HP: 20/39 MP: 4/7
  1551 | D:2      | You pick up a book of Callings and begin reading...
  1551 | D:2      | You add the spells Summon Small Mammal, Call Canine
                  | Familiar and Summon Guardian Golem to your library.
  2345 | D:3      | Found a runed translucent gate.
  2346 | D:3      | Found a runed translucent gate.
  2346 | D:3      | Found a runed translucent gate.
  2352 | D:3      | Noticed lesaewzxc's ghost (amateur KoBe)
  2375 | D:3      | Found a glowing silver altar of Zin.
  2381 | D:4      | Noticed a scorpion
  2388 | D:4      | Killed a scorpion
  2389 | D:4      | Reached skill level 5 in Poison Magic
  2389 | D:4      | Reached XP level 5. HP: 36/45 MP: 5/8
  2453 | D:4      | Learned a level 4 spell: Olgreb's Toxic Radiance
  2462 | D:4      | Noticed a phantom
  2476 | D:4      | Killed a phantom
  2477 | D:4      | Reached XP level 6. HP: 53/53 MP: 9/9
  2566 | D:4      | Reached skill level 6 in Poison Magic
  2897 | D:4      | Found Junuge's Magic Scroll Emporium.
  2905 | D:4      | Bought a scroll of identify for 22 gold pieces
  2905 | D:4      | Bought a scroll of identify for 22 gold pieces
  3487 | D:5      | Entered Level 5 of the Dungeon
  3491 | D:5      | Identified the +5 hunting sling of Articulation {freeze,
                  | rCorr Dex+4}
  3566 | D:5      | Noticed an ice beast
  3673 | D:5      | HP: 7/50 [gnoll sergeant/+3 trident of flaming (12)]
  3673 | D:5      | HP: 2/50 [gnoll sergeant/+3 trident of flaming (5)]
  3674 | D:5      | Mangled by a gnoll sergeant

Vanquished Creatures
  A phantom (D:4)
  A necrophage (D:4)
  2 scorpions
  9 gnolls
  3 adders
  A white imp (D:5)
  2 dart slugs
  4 giant cockroaches
  2 hobgoblins
  2 jackals (D:2)
  A quokka (D:4)
  4 ball pythons
  2 bats (D:2)
  A frilled lizard (D:2)
  4 goblins
  5 kobolds
  4 rats
48 creatures vanquished.

Table legend:
 A = Non-vault XP
 B = Vault XP
 C = Vault XP percentage of total XP
 D = Non-vault monster count
 E = Vault monster count
 F = Vault count percentage of total count
                 A         B        C        D         E       F
            +---------+---------+-------+---------+---------+-------
      Total |     572 |       1 |   0.2 |      47 |       1 |   2.1
            +---------+---------+-------+---------+---------+-------
        D:1 |      11 |       0 |   0.0 |       7 |       0 |   0.0
        D:2 |     115 |       1 |   0.9 |      15 |       1 |   6.2
        D:3 |      17 |       0 |   0.0 |       4 |       0 |   0.0
        D:4 |     348 |       0 |   0.0 |      15 |       0 |   0.0
        D:5 |      81 |       0 |   0.0 |       6 |       0 |   0.0
            +---------+---------+-------+---------+---------+-------

Illustrated notes

Table legend:
 A = Kills in this place as a percentage of kills in entire the game.
 B = Kills by you in this place as a percentage of kills by you in the entire game.
 C = Kills by friends in this place as a percentage of kills by friends in the entire game.
 D = Other kills in this place as a percentage of other kills in the entire game.
 E = Experience gained in this place as a percentage of experience gained in the entire game.
 F = Experience gained in this place divided by the number of levels of this place that you have seen.
                   A       B       C       D       E      F
               +-------+-------+-------+-------+-------+----------------------
         Total | 100.0 | 100.0 |   N/A |   N/A | 100.0 | 114.6
       Dungeon | 100.0 | 100.0 |   N/A |   N/A | 100.0 | 114.6
               +-------+-------+-------+-------+-------+----------------------

Table legend: (Time is in decaauts)
 A = Elapsed time spent in this place.
 B = Non-inter-level travel time spent in this place.
 C = Inter-level travel time spent in this place.
 D = Time resting spent in this place.
 E = Time spent auto-exploring this place.
 F = Levels seen in this place.
 G = Mean time per level.
                   A        B        C        D        E       F      G
               +--------+--------+--------+--------+--------+-----+--------+
         Total |   3690 |   3599 |     91 |    908 |   1955 |   5 |  738.0 |
       Dungeon |   3690 |   3599 |     91 |    908 |   1955 |   5 |  738.0 |
               +--------+--------+--------+--------+--------+-----+--------+

Top non-repeatable levels by time:
     D:2: 1330 daAuts
     D:4: 1202 daAuts
     D:1: 758 daAuts
     D:3: 304 daAuts
     D:5: 95 daAuts
